 Dungeon Crawl Stone Soup version 0.27.1-35-g4d5d836560 (webtiles) character file.

Game seed: 3640953614889801199

49 ImHallYall the Skirmisher (level 3, -2/31 HPs)
             Began as a Ghoul Fighter on Apr 7, 2022.
             Was a Plaything of Xom.
             Slain by a gnoll (3 damage)
             ... on level 3 of the Dungeon.
             The game lasted 00:06:56 (1899 turns).

ImHallYall the Skirmisher (Ghoul Fighter)           Turns: 1899, Time: 00:06:57

Health: -2/31      AC: 11    Str: 20    XL:     3   Next: 77%
Magic:  2/2        EV:  3    Int:  3    God:    Xom [..*...]
Gold:   96         SH:  9    Dex:  8    Spells: 2/2 levels left

rFire    . . .     SeeInvis .   a - +0 long sword
rCold    + . .     Faith    .   c - +0 kite shield
rNeg     + + +     Spirit   .   i - +0 plate armour
rPois    ∞         Reflect  .   (no helmet)
rElec    .         Harm     .   (no cloak)
rCorr    .         Rampage  .   (no gloves)
Will     .....                  (no boots)
Stlth    ..........             (no amulet)
HPRegen  0.00/turn              (no ring)
MPRegen  0.08/turn              (no ring)

@: inhibited regen, hasted, very quick
A: claws 1, cold resistance 1, negative energy resistance 3, inhibited
regeneration, torment resistance 2
a: Renounce Religion


You were on level 3 of the Dungeon.
You worshipped Xom.
You were a toy of Xom.
You visited 1 branch of the dungeon, and saw 3 of its levels.

You collected 96 gold pieces.

Inventory:

Hand Weapons
 a - a +0 long sword (weapon)
 r - a +0 dagger
Missiles
 o - 22 poisoned darts (quivered)
Armour
 b - a +0 scale mail
 c - a +0 kite shield (worn)
 i - a +0 plate armour (worn)
Scrolls
 g - a scroll of summoning {unknown}
 j - 3 scrolls of vulnerability {unknown}
 k - a scroll of fog {unknown}
 m - a scroll of identify {unknown}
 n - a scroll of acquirement {unknown}
Potions
 d - a potion of might
 h - a potion of brilliance {unknown}
 l - a potion of curing {unknown}
 p - a potion of attraction {unknown}
 q - a potion of haste


   Skills:
 + Level 3.5 Fighting
 + Level 2.2 Long Blades
 + Level 3.2 Armour
 + Level 3.3 Shields


You had 2 spell levels left.
You didn't know any spells.
Your spell library was empty.

Dungeon Overview and Level Annotations

Branches:
Dungeon (3/15)

Altars:
Xom

Shops:
D:1 ?


Innate Abilities, Weirdness & Mutations

You thrive by killing the living.
You are immune to poison.
You have sharp fingernails.
Your flesh is cold resistant. (rC+)
You are immune to negative energy. (rN+++)
You do not regenerate when monsters are visible.
You are immune to unholy pain and torment.


Message History

You climb downwards. "Go forth and destroy!"
You feel yourself speed up.
Found an escape hatch in the ceiling.
There is a stone staircase leading up here.
You barely miss the gnoll. You block the goblin's attack.
The rat bites you but does no damage. The gnoll barely misses you. x2
You hit the gnoll.
The gnoll is heavily wounded.
The goblin hits you with a +0 club. The rat bites you but does no damage.
You block the gnoll's attack. The gnoll barely misses you.
You hit the gnoll.
The gnoll is heavily wounded.
The goblin hits you with a +0 club. The rat bites you but does no damage.
The gnoll hits you but does no damage. You block the gnoll's attack.
Your plate armour prevents you from hitting the gnoll.
The gnoll is heavily wounded.
You block the goblin's attack. The rat bites you but does no damage.
You block the gnoll's attack. The gnoll hits you with a +0 flail.
* * * LOW HITPOINT WARNING * * *
You hit the gnoll.
You kill the gnoll!
The goblin hits you with a +0 club.
* * * LOW HITPOINT WARNING * * *
The rat bites you but does no damage. You block the gnoll's attack.
Found a leather armour.
You see here a +0 club.
You slash the gnoll!
The gnoll is heavily wounded.
The gnoll hits you with a +0 flail.
* * * LOW HITPOINT WARNING * * *
The goblin hits you with a +0 club.
* * * LOW HITPOINT WARNING * * *
The rat barely misses you. The gnoll barely misses you.
You hit the gnoll but do no damage.
The gnoll is heavily wounded.
You block the goblin's attack. The rat bites you but does no damage.
The gnoll hits you with a +0 flail.
You die...
Xom yawns loudly!

...... .
###....... [.
#........# ...
#........
....###......#
#............#
.............#
.......@g....#
.......rg....#
................
...............#
.......<........
.......#........
.......+....##..
......##....# .
...#. #....#


You could see a gnoll, a goblin and a rat.

Vanquished Creatures
  A gnoll (D:3)
  A worm (D:2)
  A dart slug (D:1)
  4 endoplasms
  3 giant cockroaches (D:1)
  2 hobgoblins
  3 jackals (D:2)
  4 kobolds
  A quokka (D:1)
  7 ball pythons
  A bat (D:1)
  A frilled lizard (D:1)
  2 goblins (D:2)
  2 rats (D:1)
33 creatures vanquished.

Vanquished Creatures (others)
  8 plants (D:2)
8 creatures vanquished.

Grand Total: 41 creatures vanquished

Notes
Turn   | Place    | Note
-------+----------+-------------------------------------------
     0 | D:1      | ImHallYall the Ghoul Fighter began the quest for the Orb.
     0 | D:1      | Reached XP level 1. HP: 19/19 MP: 0/0
    96 | D:1      | Reached XP level 2. HP: 24/26 MP: 1/1
    98 | D:1      | Found Zyaxtein's Magic Scroll Shop.
  1304 | D:2      | Reached XP level 3. HP: 31/31 MP: 2/2
  1781 | D:2      | Found a faded altar of an unknown god.
  1792 | D:2      | Became a worshipper of Xom of Chaos
  1836 | D:2      | XOM: potion effect (curing)
  1840 | D:2      | XOM: potion effect (curing)
  1867 | D:2      | XOM: potion effect (curing)
  1891 | D:3      | XOM: potion effect (haste)
  1898 | D:3      | HP: 1/31 [goblin (1)]
  1899 | D:3      | Slain by a gnoll

Illustrated notes

Levels and vault maps discovered:
D:1:      dpeg_arrival_orchard, layout_loops_cross, serial_shops, shop_statue
D:2:      layout_rooms, serial_forest, infiniplex_forest_clump_large,
          infiniplex_forest_straight_2, infiniplex_forest_end_2,
          infiniplex_forest_clump_medium, infiniplex_forest_end_3,
          infiniplex_forest_zigzag_1, infiniplex_forest_lined_corner,
          shapermc_ecumenical_altar_starsandcircs
D:3:      layout_basic, nzn_wu_jian_contemplation, vehumet_crystals

Skill      XL: |  1  2  3 |
---------------+----------+-----
Shields        | 3 |  3.3
Armour         | 3 |  3.2
Long Blades    | 2 |  2.2
Fighting       | |  3.5

Action                   || total
-------------------------++-------
Melee: Long sword        ||   115
  Use: Scroll            ||     2
Armor: Scale mail        ||    20
       Plate armour      ||    94
Dodge: Dodged            ||    47
Block: Kite shield       ||    82
       Rpst.: Long sword ||    13
